 Dungeon Crawl Stone Soup version 0.29.1-14-g9c671dbff4 (webtiles) character file.

Game seed: 17970043819905922356

59 DeadRuby the Trooper (level 4, 0/28 HPs)
             Began as a Kobold Fighter on Feb 12, 2023.
             Slain by an orc wizard
             ... wielding a +0 dagger
              (3 damage)
             ... on level 3 of the Dungeon.
             The game lasted 00:15:07 (2455 turns).

DeadRuby the Trooper (Kobold Fighter)               Turns: 2455, Time: 00:15:09

Health: 0/28       AC:  9    Str: 15    XL:     4   Next: 22%
Magic:  4/4        EV:  8    Int:  9    God:
Gold:   79         SH:  0    Dex: 14    Spells: 3/3 levels left

rFire   x . .      SeeInvis +   p - +3 dagger (flame)
rCold   + . .      Faith    .   c - +0 buckler
rNeg    . . .      Spirit   .   f - +0 chain mail
rPois   .          Reflect  .   (no helmet)
rElec   .          Harm     .   (no cloak)
rCorr   .          Rampage  .   (no gloves)
Will    .....                   (no boots)
Stlth   ..........              (no amulet)
HPRegen 0.09/turn               v - ring of ice
MPRegen 0.09/turn               u - ring of see invisible

@: confused, mighty
A: small, no large weapons, nightstalker 3
a: no special abilities


You were on level 3 of the Dungeon.
You visited 1 branch of the dungeon, and saw 4 of its levels.

You collected 79 gold pieces.

Inventory:

Hand Weapons
 a - a +0 rapier
 g - a +0 dagger
 i - a +0 short sword
 j - a +0 dagger
 n - a +0 dagger
 p - a +3 dagger of flaming (weapon)
 s - a +0 sling
 t - a +0 whip
 y - a +0 dagger
Missiles
 k - 8 stones (quivered)
 z - 7 poisoned darts
 D - 5 boomerangs
Armour
 b - a +0 scale mail
 c - a +0 buckler (worn)
 f - a +0 chain mail (worn)
 m - a +0 ring mail
 o - a +0 barding
 w - a +0 ring mail
Jewellery
 r - a ring of wizardry
 u - a ring of see invisible (right hand)
 v - a ring of ice (left hand)
Scrolls
 l - a scroll of torment {unknown}
 q - 2 scrolls of identify {unknown}
 B - a scroll of enchant weapon {unknown}
 C - a scroll of vulnerability {unknown}
Potions
 d - a potion of might
 h - 2 potions of curing {unknown}
 x - 2 potions of degeneration {unknown}
 A - a potion of flight {unknown}


   Skills:
 + Level 3.5 Fighting
 + Level 3.4 Short Blades
 + Level 3.4 Armour
 + Level 0.3 Dodging
 + Level 0.2 Stealth
 + Level 2.5 Shields


You had 3 spell levels left.
You didn't know any spells.
Your spell library contained the following spells:

 Spells                   Type           Power      Damage    Failure   Level
 Foxfire                  Conj/Fire      0%         2x1d4     100%        1
 Conjure Flame            Conj/Fire      0%         6-21      100%        3
 Inner Flame              Hex/Fire       0%         N/A       100%        3
 Flame Wave               Conj/Fire      0%         2d4       100%        4


Dungeon Overview and Level Annotations

Branches:
Dungeon (4/15)
 Temple: D:4-7

Altars:

Shops:
D:1 :


Innate Abilities, Weirdness & Mutations

You are small and have problems with some larger weapons.
You are completely attuned to the shadows.


Message History

a +0 hand axe; a +0 chain mail You block the orc wizard's attack.
The orc hits you but does no damage.
The orc wizard attacks as you move away!
The orc wizard hits you but does no damage.
Throw: 9 stones
Press: ? - help, Q - select action, (/) - cycle Shift-Dir - straight line, f - orc
Aim: an orc, wielding a +0 club and wearing a +0 leather armour (59% to hit)
You throw a stone. The stone hits the orc.
The orc is lightly wounded.
The orc wizard hits you with a +0 dagger.
* * * LOW HITPOINT WARNING * * *
You block the orc's attack.
It was a potion of ambrosia.
You are confused.
You feel invigorated. The orc wizard closely misses you.
The orc hits you but does no damage.
You feel very mighty all of a sudden. The orc wizard casts a spell at you.
You are more confused.
The orc hits you with a +0 club.
* * * LOW HITPOINT WARNING * * *
You feel less invigorated. The orc wizard barely misses you.
You hit the orc wizard. You burn the orc wizard.
The orc wizard is moderately wounded.
The orc barely misses you. The orc wizard closely misses you.
The orc wizard hits you but does no damage.
The orc hits you but does no damage.
You hit the orc. You burn the orc.
The orc is severely wounded.
The orc wizard hits you but does no damage.
The orc barely misses you. The orc hits you with a +0 club.
The orc wizard attacks as you move away!
The orc wizard hits you with a +0 dagger.
* * * LOW HITPOINT WARNING * * *
The orc attacks as you move away! The orc hits you with a +0 club.
* * * LOW HITPOINT WARNING * * *
You bump into the rock wall.
The orc hits you but does no damage.
The orc wizard hits you with a +0 dagger.
You die...

#. ##...##
#.#
#.....##
###.##
.......##
##....#
........#
##....@###
........+
.....oo..#
........#
#.......#
.......##
#.......#
#.....##
###.).###
##...##
#.).#
##'##
##)## #.#
#.# ###.#
#.##


You could see an orc wizard (invisible) and an orc.

Vanquished Creatures
  3 adders
  A dart slug (D:1)
  3 orcs (D:3)
  3 ball pythons
  4 bats
  2 endoplasms (D:1)
  A giant cockroach (D:1)
  A goblin (D:1)
  2 hobgoblins
  3 kobolds
  2 frilled lizards (D:1)
  A rat (D:1)
26 creatures vanquished.

Notes
Turn   | Place    | Note
-------+----------+-------------------------------------------
     0 | D:1      | DeadRuby the Kobold Fighter began the quest for the Orb.
     0 | D:1      | Reached XP level 1. HP: 14/14 MP: 1/1
   140 | D:1      | Reached XP level 2. HP: 5/19 MP: 2/2
  1146 | D:1      | Found Erry's Book Boutique.
  1628 | D:1      | Reached XP level 3. HP: 22/23 MP: 3/3
  2037 | D:2      | Found a faded altar of an unknown god.
  2057 | D:2      | You fall into a shaft and drop 2 floors!
  2173 | D:3      | Reached XP level 4. HP: 21/28 MP: 4/4
  2446 | D:3      | HP: 1/28 [orc wizard/+0 dagger (2)]
  2455 | D:3      | Slain by an orc wizard

Illustrated notes

Levels and vault maps discovered:
D:1:      minmay_arrival_diagonal_passages, layout_basic, serial_shops, shop,
          ebering_dispersal_statue_hall
D:2:      minmay_recursive_quarters, layout_loops_cross,
          ebering_ecumenical_altar_hall, roderic_roman_lattice,
          uniq_crazy_yiuf_cottage
D:3:      layout_loops_corners
D:4:      layout_cave_pools, xom_butterflies, uniq_eustachio, uniq_pikel,
          uniq_sigmund

Skill      XL: |  1  2  3 |
---------------+----------+-----
Armour         | 3 |  3.4
Short Blades   | 3 |  3.4
Fighting       | |  3.5
Dodging        | |  0.3
Stealth        | |  0.2
Shields        | |  2.5

Action                   |  1- 3 |  4- 6 || total
-------------------------+-------+-------++-------
Melee: Rapier            |    69 |       ||    69
       Dagger            |    29 |    22 ||    51
Throw: Stone             |       |     1 ||     1
  Use: Potion            |       |     2 ||     2
Armor: Scale mail        |    12 |       ||    12
       Chain mail        |    60 |    34 ||    94
Dodge: Dodged            |    61 |    15 ||    76
Block: Buckler           |    35 |     6 ||    41
